 Dungeon Crawl Stone Soup version 0.27.1-34-g3ba077fa99 (webtiles) character file.

Game seed: 7423756356791823175

88 belegose the Distorting Demonspawn (level 4, -1/36 HPs)
             Began as a Demonspawn Abyssal Knight on Jan 9, 2022.
             Was a Believer of Lugonu.
             Killed from afar by Sigmund (4 damage)
             ... with a magic dart
             ... on level 2 of the Dungeon.
             The game lasted 00:07:52 (2907 turns).

belegose the Distorting Demonspawn (DsAK)           Turns: 2907, Time: 00:07:52

Health: -1/36      AC:  6    Str: 13    XL:     4   Next: 30%
Magic:  15/15      EV: 11    Int: 14    God:    Lugonu [**....]
Gold:   69         SH:  0    Dex: 12    Spells: 3/3 levels left

rFire    . . .     SeeInvis .   a - +1 mace
rCold    . . .     Faith    .   (no shield)
rNeg     . . .     Spirit   .   q - +0 ring mail
rPois    .         Reflect  .   (no helmet)
rElec    .         Harm     .   (no cloak)
rCorr    .         Rampage  .   j - +0 pair of gloves
Will     .....                  (no boots)
Stlth    +.........             (no amulet)
HPRegen  0.12/turn              m - ring of magical power
MPRegen  0.14/turn              (no ring)

@: confused
A: foul stench 1, sturdy frame 2
a: Renounce Religion, Depart the Abyss, Bend Space


You were on level 2 of the Dungeon.
You worshipped Lugonu.
Lugonu was pleased with you.
You visited 1 branch of the dungeon, and saw 3 of its levels.
You visited the Abyss 1 time.

You collected 69 gold pieces.

Inventory:

Hand Weapons
 a - a +1 mace (weapon)
 e - a +0 quarterstaff
Missiles
 f - 34 stones (quivered)
 k - 10 sling bullets
Armour
 b - a +0 leather armour
 j - a +0 pair of gloves (worn)
 q - a +0 ring mail (worn)
Jewellery
 m - a ring of magical power (left hand)
Scrolls
 c - a scroll of immolation {unknown}
 g - a scroll of torment {unknown}
 h - a scroll of enchant weapon {unknown}
 i - a scroll of teleportation {unknown}
 l - 3 scrolls of identify {unknown}
 n - a scroll of noise {unknown}
 p - a scroll of enchant armour {unknown}


   Skills:
 + Level 3.6 Fighting
 + Level 2.6 Maces & Flails
 + Level 2.5 Armour
 - Level 0.8 Dodging
 + Level 3.6 Invocations


You had 3 spell levels left.
You didn't know any spells.
Your spell library contained the following spells:

 Spells                   Type           Power      Damage    Failure   Level
 Slow                     Hex            0%         N/A       43%         2
 Confusing Touch          Hex            0%         N/A       67%         3
 Vampiric Draining        Necr           0%         2d6       67%         3


Dungeon Overview and Level Annotations

Branches:
Dungeon (3/15)

Altars:
Qazlal

Shops:
D:2 (

Annotations:
D:2 Sigmund, Terence


Innate Abilities, Weirdness & Mutations

You may rarely emit foul miasma when damaged in melee.
Your movements are less encumbered by armour. (ER -4)


Message History

Press: ? - help, Q - select action, (/) - cycle Shift-Dir - straight line You throw a stone.
You feel less wooden.
Your +0 pair of gloves unmelds from your body.
Your +0 ring mail unmelds from your body.
Something hits you but does no damage.
You hit something.
You hear some strange, mumbled words.
You are confused.
You closely miss something. Something hits you!
You bump into the rock wall.
You start to feel less resistant.
Something hits you.
You bump into the rock wall.
You miss something. Something hits you.
You hit something.
You feel less confused. Something hits you but does no damage.
You miss something. Something hits you!
* * * LOW HITPOINT WARNING * * *
You feel much better.
Your resistance to elements expires.
Something hits you.
You closely miss something. Something hits you!
You miss something. You sock something! Something hits you! Something hits you.
* * * LOW HITPOINT WARNING * * *
There is an open door here.
You hear some strange, mumbled words.
You are confused.
You're too confused to move!
A puff of flame appears from out of thin air!
The puff of flame hits you.
* * * LOW HITPOINT WARNING * * *
Something hits you.
* * * LOW HITPOINT WARNING * * *
A magic dart appears from out of thin air!
The magic dart hits you.
You die...

.........#
.........#######
.........'.....#
.........#####.#
.........# #.#
.........# ##'###
########
.........# #....#
#.......
.........## #....#
#.######
####......###{..@#
#.# #
..@'.(...>(.'....#
#.# #
####......###....#
#.# # #......#
#....# #.# #
#......# #....#
#.# # ####.###
#....# #.# # #.#
###### #.# # #.#
#.# # #.# #.# #


There were no monsters in sight!

Vanquished Creatures
  3 adders (D:2)
  A worm (D:2)
  A dart slug (D:1)
  9 endoplasms
  4 giant cockroaches
  4 goblins
  2 hobgoblins (D:2)
  2 jackals (D:1)
  3 kobolds
  3 quokkas (D:1)
  5 ball pythons
  5 bats
  5 frilled lizards
  7 rats
54 creatures vanquished.

Vanquished Creatures (others)
  7 fungi (D:2)
  2 plants (D:2)
9 creatures vanquished.

Grand Total: 63 creatures vanquished

Notes
Turn   | Place    | Note
-------+----------+-------------------------------------------
     0 | Abyss:1  | belegose the Demonspawn Abyssal Knight began the quest for
                  | the Orb.
     0 | Abyss:1  | Reached XP level 1. HP: 18/18 MP: 2/2
    40 | Abyss:1  | Noticed a guardian serpent
    42 | D:1      | Escaped the Abyss
   263 | D:1      | Gained mutation: You may rarely emit foul miasma when
                  | damaged in melee. [demonic ancestry]
   263 | D:1      | Reached XP level 2. HP: 24/24 MP: 4/4
   579 | D:1      | Reached * piety under Lugonu
  1051 | D:1      | Gained mutation: Your movements are slightly less
                  | encumbered by armour. (ER -2) [demonic ancestry]
  1051 | D:1      | Reached XP level 3. HP: 29/29 MP: 5/5
  1655 | D:2      | Found a stormy altar of Qazlal.
  1848 | D:2      | Found Amuf's Weapon Shop.
  1891 | D:2      | Noticed Terence
  1968 | D:2      | Reached ** piety under Lugonu
  2038 | D:2      | Gained mutation: Your movements are less encumbered by
                  | armour. (ER -4) [demonic ancestry]
  2038 | D:2      | Reached XP level 4. HP: 35/35 MP: 6/6
  2054 | D:2      | Found a faded altar of an unknown god.
  2316 | D:2      | Noticed Sigmund
  2907 | D:2      | Killed from afar by Sigmund

Illustrated notes

Levels and vault maps discovered:
D:1:      onia_arrival_mini_spirals, layout_loops_ring, hangedman_decor_push
D:2:      layout_basic, shapermc_ecumenical_altar_hornbeckon, basic_altar,
          serial_shops, nicolae_square_shop, uniq_terence, uniq_sigmund
D:3:      layout_basic, lemuel_coloured_pillars_altar, serial_shops, shop_coins,
          shop, shop, shop

Skill      XL: |  1  2 |
---------------+-------+-----
Maces & Flails | 2 |  2.6
Armour         | 2 |  2.5
Invocations    | 3 |  3.6
Fighting       | |  3.6
Dodging        | |  0.8

Action                   |  1- 3 |  4- 6 || total
-------------------------+-------+-------++-------
Melee: Mace              |   116 |    33 ||   149
Throw: Stone             |       |    44 ||    44
Invok: Depart the Abyss  |     1 |       ||     1
  Use: Potion            |       |     5 ||     5
 Stab: Sleeping          |     1 |       ||     1
Armor: Leather armour    |    33 |       ||    33
       Ring mail         |     5 |    13 ||    18
       Skin              |       |    17 ||    17
Dodge: Dodged            |    81 |    21 ||   102
